Workbook

Sheet Libro REBU
A1: LIBRO REGISTRO DEL RÉGIMEN ESPECIAL DE LOS BIENES USADOS (REBU) · Margen de cada operación
A2: Titular: | B2: Tu razón social | E2: NIF: | F2: B00000000 | G2: Ejercicio: | H2: 2026
A3: Cómo se usa: rellena solo las celdas con fondo amarillo y letra azul (una fila por vehículo). Las columnas grises se calculan solas. La fila 7 es un ejemplo: sobrescríbela o bórrala.
A4: Base = margen × 100 ÷ (100 + tipo). El impuesto va DENTRO del margen: con 3.000 € de margen al 21 % salen 520,66 €, no 630 €. Si marcas «Sí» en régimen general, se calcula sobre el precio de venta completo.
A6: Nº | B6: Fecha de compra | C6: Vehículo (marca, modelo y versión) | D6: Matrícula | E6: Nº de bastidor | F6: Nº documento o factura de compra | G6: Precio de compra | H6: Fecha de venta | I6: Nº factura de venta | J6: Precio de venta (impuesto incluido) | K6: Tipo (%) | L6: ¿Régimen general? | M6: Exención aplicada (si la hay) | N6: Margen | O6: Base imponible | P6: IVA / IGIC repercutido | Q6: Trimestre | R6: Observaciones
A7: 1 | B7: 46267 | C7: Seat León 1.5 TSI FR (ejemplo) | D7: 1234 LMN | E7: VSSZZZKLZ00000000 | F7: DC-2026-031 | G7: 10000 | H7: 46309 | I7: V-2026-0147 | J7: 13000 | K7: 21 | L7: No | N7: =IF(OR(G7="",J7=""),"",J7-G7) -> 3000 | O7: =IF(N7="","",ROUND(IF(L7="Sí",J7,MAX(0,N7))*100/(100+K7),2)) -> 2479.34 | P7: =IF(O7="","",ROUND(O7*K7/100,2)) -> 520.66 | Q7: =IF(H7="","","T"&ROUNDUP(MONTH(H7)/3,0)) -> T4 | R7: Comprado a un particular
K8: 21 | L8: No | N8: =IF(OR(G8="",J8=""),"",J8-G8) | O8: =IF(N8="","",ROUND(IF(L8="Sí",J8,MAX(0,N8))*100/(100+K8),2)) | P8: =IF(O8="","",ROUND(O8*K8/100,2)) | Q8: =IF(H8="","","T"&ROUNDUP(MONTH(H8)/3,0))
K9: 21 | L9: No | N9: =IF(OR(G9="",J9=""),"",J9-G9) | O9: =IF(N9="","",ROUND(IF(L9="Sí",J9,MAX(0,N9))*100/(100+K9),2)) | P9: =IF(O9="","",ROUND(O9*K9/100,2)) | Q9: =IF(H9="","","T"&ROUNDUP(MONTH(H9)/3,0))
K10: 21 | L10: No | N10: =IF(OR(G10="",J10=""),"",J10-G10) | O10: =IF(N10="","",ROUND(IF(L10="Sí",J10,MAX(0,N10))*100/(100+K10),2)) | P10: =IF(O10="","",ROUND(O10*K10/100,2)) | Q10: =IF(H10="","","T"&ROUNDUP(MONTH(H10)/3,0))
K11: 21 | L11: No | N11: =IF(OR(G11="",J11=""),"",J11-G11) | O11: =IF(N11="","",ROUND(IF(L11="Sí",J11,MAX(0,N11))*100/(100+K11),2)) | P11: =IF(O11="","",ROUND(O11*K11/100,2)) | Q11: =IF(H11="","","T"&ROUNDUP(MONTH(H11)/3,0))
K12: 21 | L12: No | N12: =IF(OR(G12="",J12=""),"",J12-G12) | O12: =IF(N12="","",ROUND(IF(L12="Sí",J12,MAX(0,N12))*100/(100+K12),2)) | P12: =IF(O12="","",ROUND(O12*K12/100,2)) | Q12: =IF(H12="","","T"&ROUNDUP(MONTH(H12)/3,0))
K13: 21 | L13: No | N13: =IF(OR(G13="",J13=""),"",J13-G13) | O13: =IF(N13="","",ROUND(IF(L13="Sí",J13,MAX(0,N13))*100/(100+K13),2)) | P13: =IF(O13="","",ROUND(O13*K13/100,2)) | Q13: =IF(H13="","","T"&ROUNDUP(MONTH(H13)/3,0))
K14: 21 | L14: No | N14: =IF(OR(G14="",J14=""),"",J14-G14) | O14: =IF(N14="","",ROUND(IF(L14="Sí",J14,MAX(0,N14))*100/(100+K14),2)) | P14: =IF(O14="","",ROUND(O14*K14/100,2)) | Q14: =IF(H14="","","T"&ROUNDUP(MONTH(H14)/3,0))
K15: 21 | L15: No | N15: =IF(OR(G15="",J15=""),"",J15-G15) | O15: =IF(N15="","",ROUND(IF(L15="Sí",J15,MAX(0,N15))*100/(100+K15),2)) | P15: =IF(O15="","",ROUND(O15*K15/100,2)) | Q15: =IF(H15="","","T"&ROUNDUP(MONTH(H15)/3,0))
K16: 21 | L16: No | N16: =IF(OR(G16="",J16=""),"",J16-G16) | O16: =IF(N16="","",ROUND(IF(L16="Sí",J16,MAX(0,N16))*100/(100+K16),2)) | P16: =IF(O16="","",ROUND(O16*K16/100,2)) | Q16: =IF(H16="","","T"&ROUNDUP(MONTH(H16)/3,0))
K17: 21 | L17: No | N17: =IF(OR(G17="",J17=""),"",J17-G17) | O17: =IF(N17="","",ROUND(IF(L17="Sí",J17,MAX(0,N17))*100/(100+K17),2)) | P17: =IF(O17="","",ROUND(O17*K17/100,2)) | Q17: =IF(H17="","","T"&ROUNDUP(MONTH(H17)/3,0))
K18: 21 | L18: No | N18: =IF(OR(G18="",J18=""),"",J18-G18) | O18: =IF(N18="","",ROUND(IF(L18="Sí",J18,MAX(0,N18))*100/(100+K18),2)) | P18: =IF(O18="","",ROUND(O18*K18/100,2)) | Q18: =IF(H18="","","T"&ROUNDUP(MONTH(H18)/3,0))
K19: 21 | L19: No | N19: =IF(OR(G19="",J19=""),"",J19-G19) | O19: =IF(N19="","",ROUND(IF(L19="Sí",J19,MAX(0,N19))*100/(100+K19),2)) | P19: =IF(O19="","",ROUND(O19*K19/100,2)) | Q19: =IF(H19="","","T"&ROUNDUP(MONTH(H19)/3,0))
... K306: 21 | L306: No | N306: =IF(OR(G306="",J306=""),"",J306-G306) | O306: =IF(N306="","",ROUND(IF(L306="Sí",J306,MAX(0,N306))*100/(100+K306),2)) | P306: =IF(O306="","",ROUND(O306*K306/100,2)) | Q306: =IF(H306="","","T"&ROUNDUP(MONTH(H306)/3,0))

Sheet Resumen
A1: RESUMEN DEL LIBRO REBU · para tu declaración trimestral
A2: Se calcula solo a partir de la hoja «Libro REBU», por la fecha de venta. Lleva estas cifras a tu gestor: van al modelo 303 (IVA) o al 420 (IGIC) junto con el resto de tu actividad.
A4: Trimestre (por fecha de venta) | B4: Ventas | C4: Base REBU | D4: Impuesto REBU | E4: Base régimen general | F4: Impuesto régimen general
A5: T1 | B5: =COUNTIFS('Libro REBU'!$Q$7:$Q$306,"T1") -> 0 | C5: =SUMIFS('Libro REBU'!$O$7:$O$306,'Libro REBU'!$Q$7:$Q$306,"T1",'Libro REBU'!$L$7:$L$306,"No") -> 0 | D5: =SUMIFS('Libro REBU'!$P$7:$P$306,'Libro REBU'!$Q$7:$Q$306,"T1",'Libro REBU'!$L$7:$L$306,"No") -> 0 | E5: =SUMIFS('Libro REBU'!$O$7:$O$306,'Libro REBU'!$Q$7:$Q$306,"T1",'Libro REBU'!$L$7:$L$306,"Sí") -> 0 | F5: =SUMIFS('Libro REBU'!$P$7:$P$306,'Libro REBU'!$Q$7:$Q$306,"T1",'Libro REBU'!$L$7:$L$306,"Sí") -> 0
A6: T2 | B6: =COUNTIFS('Libro REBU'!$Q$7:$Q$306,"T2") -> 0 | C6: =SUMIFS('Libro REBU'!$O$7:$O$306,'Libro REBU'!$Q$7:$Q$306,"T2",'Libro REBU'!$L$7:$L$306,"No") -> 0 | D6: =SUMIFS('Libro REBU'!$P$7:$P$306,'Libro REBU'!$Q$7:$Q$306,"T2",'Libro REBU'!$L$7:$L$306,"No") -> 0 | E6: =SUMIFS('Libro REBU'!$O$7:$O$306,'Libro REBU'!$Q$7:$Q$306,"T2",'Libro REBU'!$L$7:$L$306,"Sí") -> 0 | F6: =SUMIFS('Libro REBU'!$P$7:$P$306,'Libro REBU'!$Q$7:$Q$306,"T2",'Libro REBU'!$L$7:$L$306,"Sí") -> 0
A7: T3 | B7: =COUNTIFS('Libro REBU'!$Q$7:$Q$306,"T3") -> 0 | C7: =SUMIFS('Libro REBU'!$O$7:$O$306,'Libro REBU'!$Q$7:$Q$306,"T3",'Libro REBU'!$L$7:$L$306,"No") -> 0 | D7: =SUMIFS('Libro REBU'!$P$7:$P$306,'Libro REBU'!$Q$7:$Q$306,"T3",'Libro REBU'!$L$7:$L$306,"No") -> 0 | E7: =SUMIFS('Libro REBU'!$O$7:$O$306,'Libro REBU'!$Q$7:$Q$306,"T3",'Libro REBU'!$L$7:$L$306,"Sí") -> 0 | F7: =SUMIFS('Libro REBU'!$P$7:$P$306,'Libro REBU'!$Q$7:$Q$306,"T3",'Libro REBU'!$L$7:$L$306,"Sí") -> 0
A8: T4 | B8: =COUNTIFS('Libro REBU'!$Q$7:$Q$306,"T4") -> 1 | C8: =SUMIFS('Libro REBU'!$O$7:$O$306,'Libro REBU'!$Q$7:$Q$306,"T4",'Libro REBU'!$L$7:$L$306,"No") -> 2479.34 | D8: =SUMIFS('Libro REBU'!$P$7:$P$306,'Libro REBU'!$Q$7:$Q$306,"T4",'Libro REBU'!$L$7:$L$306,"No") -> 520.66 | E8: =SUMIFS('Libro REBU'!$O$7:$O$306,'Libro REBU'!$Q$7:$Q$306,"T4",'Libro REBU'!$L$7:$L$306,"Sí") -> 0 | F8: =SUMIFS('Libro REBU'!$P$7:$P$306,'Libro REBU'!$Q$7:$Q$306,"T4",'Libro REBU'!$L$7:$L$306,"Sí") -> 0
A9: Total del ejercicio | B9: =SUM(B5:B8) -> 1 | C9: =SUM(C5:C8) -> 2479.34 | D9: =SUM(D5:D8) -> 520.66 | E9: =SUM(E5:E8) -> 0 | F9: =SUM(F5:F8) -> 0
A11: Por tipo impositivo (todo el año) | B11: Ventas | C11: Base | D11: Impuesto
A12: 21 | B12: =SUMPRODUCT(('Libro REBU'!$K$7:$K$306=A12)*ISNUMBER('Libro REBU'!$N$7:$N$306)) -> 1 | C12: =SUMIFS('Libro REBU'!$O$7:$O$306,'Libro REBU'!$K$7:$K$306,A12) -> 2479.34 | D12: =SUMIFS('Libro REBU'!$P$7:$P$306,'Libro REBU'!$K$7:$K$306,A12) -> 520.66
A13: 15 | B13: =SUMPRODUCT(('Libro REBU'!$K$7:$K$306=A13)*ISNUMBER('Libro REBU'!$N$7:$N$306)) -> 0 | C13: =SUMIFS('Libro REBU'!$O$7:$O$306,'Libro REBU'!$K$7:$K$306,A13) -> 0 | D13: =SUMIFS('Libro REBU'!$P$7:$P$306,'Libro REBU'!$K$7:$K$306,A13) -> 0
A14: 9.5 | B14: =SUMPRODUCT(('Libro REBU'!$K$7:$K$306=A14)*ISNUMBER('Libro REBU'!$N$7:$N$306)) -> 0 | C14: =SUMIFS('Libro REBU'!$O$7:$O$306,'Libro REBU'!$K$7:$K$306,A14) -> 0 | D14: =SUMIFS('Libro REBU'!$P$7:$P$306,'Libro REBU'!$K$7:$K$306,A14) -> 0
A15: 7 | B15: =SUMPRODUCT(('Libro REBU'!$K$7:$K$306=A15)*ISNUMBER('Libro REBU'!$N$7:$N$306)) -> 0 | C15: =SUMIFS('Libro REBU'!$O$7:$O$306,'Libro REBU'!$K$7:$K$306,A15) -> 0 | D15: =SUMIFS('Libro REBU'!$P$7:$P$306,'Libro REBU'!$K$7:$K$306,A15) -> 0
A16: 4 | B16: =SUMPRODUCT(('Libro REBU'!$K$7:$K$306=A16)*ISNUMBER('Libro REBU'!$N$7:$N$306)) -> 0 | C16: =SUMIFS('Libro REBU'!$O$7:$O$306,'Libro REBU'!$K$7:$K$306,A16) -> 0 | D16: =SUMIFS('Libro REBU'!$P$7:$P$306,'Libro REBU'!$K$7:$K$306,A16) -> 0
A17: 3 | B17: =SUMPRODUCT(('Libro REBU'!$K$7:$K$306=A17)*ISNUMBER('Libro REBU'!$N$7:$N$306)) -> 0 | C17: =SUMIFS('Libro REBU'!$O$7:$O$306,'Libro REBU'!$K$7:$K$306,A17) -> 0 | D17: =SUMIFS('Libro REBU'!$P$7:$P$306,'Libro REBU'!$K$7:$K$306,A17) -> 0
A18: 0 | B18: =SUMPRODUCT(('Libro REBU'!$K$7:$K$306=A18)*ISNUMBER('Libro REBU'!$N$7:$N$306)) -> 0 | C18: =SUMIFS('Libro REBU'!$O$7:$O$306,'Libro REBU'!$K$7:$K$306,A18) -> 0 | D18: =SUMIFS('Libro REBU'!$P$7:$P$306,'Libro REBU'!$K$7:$K$306,A18) -> 0
A20: En la península, los coches van al 21 % (4 % los adaptados para personas con movilidad reducida, con reconocimiento previo). En Canarias, IGIC: 9,5 % turismos hasta 11 CV fiscales, 15 % más de 11 CVF y autocaravanas, 7 % vehículos de mercancías, 0 % eléctricos.

Sheet Cómo se usa
A1: PLANTILLA DEL LIBRO REGISTRO DEL REBU
A2: Para compraventas y concesionarios de vehículos de ocasión que aplican el régimen especial de los bienes usados (REBU).
A4: QUÉ ES
A5: Quien vende en REBU tiene que llevar, además de los libros de facturas, un libro registro específico (artículo 51 del Reglamento del IVA).
A6: Los coches usan el método del margen de cada operación: una fila por vehículo con sus siete datos obligatorios.
A8: LAS SIETE COLUMNAS OBLIGATORIAS
A9: 1. Descripción del bien (vehículo, matrícula y bastidor) · 2. Nº del documento o factura de compra · 3. Precio de compra
A10: 4. Nº de la factura de venta · 5. Precio de venta · 6. IVA repercutido o exención aplicada · 7. Si se aplicó el régimen general
A12: CÓMO SE CALCULA
A13: Margen = precio de venta − precio de compra (los dos con el impuesto incluido, si lo llevan). Los gastos de taller NO se restan.
A14: Base imponible = margen × 100 ÷ (100 + tipo). Impuesto = base × tipo ÷ 100. Un margen negativo deja la base a cero y no se compensa con otros coches.
A15: Si a una venta le aplicas el régimen general (columna «¿Régimen general?» = Sí), el impuesto se calcula sobre el precio de venta completo.
... A29: Es una herramienta divulgativa, no asesoramiento fiscal: confirma tu caso con tu gestor.
